 Dungeon Crawl Stone Soup version 0.20.0-15-g7f486f2 (webtiles) character file.

68 vishdafish the Shooter (level 4, -3/36 HPs)
             Began as a Centaur Arcane Marksman on June 22, 2017.
             Slain by an orc wizard
             ... wielding a +0 dagger
              (4 damage)
             ... on level 2 of the Dungeon.
             The game lasted 00:04:54 (1415 turns).

vishdafish the Shooter (Centaur Arcane Marksman)    Turns: 1415, Time: 00:04:54

Health: -3/36      AC:  5    Str: 13    XL:     4   Next: 1%
Magic:  5/5        EV: 10    Int: 12    God:
Gold:   103        SH:  0    Dex: 10    Spells: 4/5 levels left

rFire    . . .     SeeInvis .   a - +1 shortbow
rCold    . . .     Gourm    .   (shield currently unavailable)
rNeg     . . .     Faith    .   e - +0 robe
rPois    .         Spirit   .   (no helmet)
rElec    .         Reflect  .   j - +0 cloak
rCorr    .         Harm     .   (no gloves)
MR       .....                  (no barding)
Stlth    +.........             (no amulet)
Regen    0.2/turn               (no ring)
MPRegen  0.1/turn               (no ring)

@: very quick
A: hooves 3, deformed body, speed 2, tough skin 3
a: no special abilities


You were on level 2 of the Dungeon.
You were hungry.

You visited 1 branch of the dungeon, and saw 3 of its levels.

You collected 103 gold pieces.

Inventory:

Hand Weapons
 a - a +1 shortbow (weapon)
Armour
 e - a +0 robe (worn)
 j - a +0 cloak (worn)
Scrolls
 b - 2 scrolls of identify {unknown}
 h - 3 scrolls of remove curse {unknown}
 k - 2 scrolls of fog {unknown}
 p - a scroll of teleportation {unknown}
Potions
 i - 2 potions of heal wounds {unknown}
 m - a potion of mutation {unknown}
Books
 c - a book of Debilitation

   Spells                             Type                      Level
   a - Corona                         Hexes                        1
   b - Slow                           Hexes                        2
   c - Inner Flame                    Hexes/Fire                   3
   d - Portal Projectile              Hexes/Translocation          3
   e - Cause Fear                     Hexes                        4
   f - Leda's Liquefaction            Hexes/Earth                  4
Comestibles
 f - 2 bread rations
 l - a meat ration
 o - 7 fruits


   Skills:
 + Level 1.7 Fighting
 + Level 4.5 Bows
 + Level 1.6 Dodging
 + Level 1.0 Spellcasting
 + Level 3.1 Hexes


You had 4 spell levels left.
You knew the following spells:

 Your Spells              Type           Power        Failure   Level  Hunger
a - Corona                Hex            #......      9%          1    ##.....


Dungeon Overview and Level Annotations

Branches:
Dungeon (3/15)

Altars:
Zin


Innate Abilities, Weirdness & Mutations

You have hooves in place of feet.
Armour fits poorly on your strangely shaped body.
You cover ground very quickly.
You have extremely tough skin. (AC +3)


Message History

Aim: an orc wizard, wielding a dagger and wearing a robe (heavily wounded, fast)
Okay, then.
Casting: Corona
Confirm with . or Enter, or press ? or * to list all spells.
Okay, then.
Wield which item (- for none, * to show all)? (? for menu, Esc to quit)
Okay, then.
Okay, then.
As you read the scroll labeled BACAJI ZUXTAUGG, it crumbles to dust.
You feel momentarily disoriented.
It was a scroll of magic mapping.
The orc wizard hits you with a dagger.
* * * LOW HITPOINT WARNING * * *
The orc wizard barely misses you.
The orc wizard hits you but does no damage.
Okay, then.
As you read the scroll labeled GOBIJU EROLED, it crumbles to dust.
It is a scroll of enchant weapon.
Your +0 shortbow glows red for a moment.
The orc wizard hits you with a dagger.
You die...

..#.....####.....##..............
÷...#............#...............
.÷...............#...............
.................+...............
......).....###..#............#..
............# #..#...#'##########
............# #..#...#.#
......>.....# ##†###.#.#
####........# #@o...#.#
#....##### #o)####.## ######
#........# #.#####..# #(.......#
##.......# #.####### #.# #<#


You could see 2 orc wizards.

Vanquished Creatures
  3 adders (D:2)
  An ooze (D:1)
  A dart slug (D:2)
  3 orcs (D:2)
  2 ball pythons (D:1)
  2 giant cockroaches (D:1)
  3 goblins
  3 hobgoblins
  4 jackals (D:2)
  A kobold (D:1)
  3 bats
  A frilled lizard (D:2)
  3 rats
30 creatures vanquished.

Notes
Turn   | Place    | Note
-------+----------+-------------------------------------------
     0 | D:1      | vishdafish the Centaur Arcane Marksman began the quest for the Orb.
     0 | D:1      | Reached XP level 1. HP: 16/16 MP: 2/2
    79 | D:1      | Reached XP level 2. HP: 21/23 MP: 3/3
   244 | D:1      | Reached skill level 3 in Bows
   578 | D:2      | Reached XP level 3. HP: 28/28 MP: 4/4
   764 | D:2      | Reached skill level 4 in Bows
   875 | D:2      | Found a glowing silver altar of Zin.
  1385 | D:2      | Reached XP level 4. HP: 35/36 MP: 5/5
  1414 | D:2      | HP: 1/36 [orc wizard/dagger (4)]
  1415 | D:2      | Slain by an orc wizard

Skill      XL: |  1  2  3 |
---------------+----------+-----
Hexes          | 3 |  3.1
Bows           | 3 4 |  4.5
Fighting       | |  1.7
Dodging        | |  1.6
Spellcasting   | |  1.0

Action                   |  1- 3 |  4- 6 || total
-------------------------+-------+-------++-------
 Fire: Shortbow          |   115 |    17 ||   132
  Use: Scroll            |       |     2 ||     2
Armor: Robe              |    29 |    10 ||    39
Dodge: Dodged            |    36 |     8 ||    44
